 Dungeon Crawl Stone Soup version 0.22.1-1-ga44c0e5 (webtiles) character file.

840 bloo the Destroyer (level 7, -3/36 HPs)
             Began as a Deep Elf Conjurer on Oct 11, 2018.
             Was an Initiate of Vehumet.
             Slain by a yak (10 damage)
             ... on level 5 of the Dungeon on Oct 14, 2018.
             The game lasted 00:22:56 (5853 turns).

bloo the Destroyer (Deep Elf Conjurer)              Turns: 5853, Time: 00:22:57

Health: -3/36      AC:  2    Str:  5    XL:     7   Next: 67%
Magic:  10/13      EV: 13    Int: 22    God:    Vehumet [......]
Gold:   272        SH:  0    Dex: 15    Spells: 2/12 levels left

rFire    . . .     SeeInvis .   n - +0 hunting sling
rCold    . . .     Gourm    .   (no shield)
rNeg     . . .     Faith    .   a - +0 robe
rPois    .         Spirit   .   (no helmet)
rElec    .         Reflect  .   (no cloak)
rCorr    .         Harm     .   (no gloves)
MR       .....                  (no boots)
Stlth    ++........             s - amulet of magic regeneration
HPRegen  0.12/turn              (no ring)
MPRegen  0.38/turn              (no ring)

@: no status effects
A: no striking features
a: Renounce Religion


You were on level 5 of the Dungeon.
You worshipped Vehumet.
Vehumet was noncommittal.
You were not hungry.

You visited 2 branches of the dungeon, and saw 6 of its levels.

You collected 272 gold pieces.

Inventory:

Hand Weapons
 i - a +3 dagger of flaming
 n - a +0 hunting sling (weapon)
Missiles
 e - 124 stones (quivered)
Armour
 a - a +0 robe (worn)
Jewellery
 s - an amulet of magic regeneration (around neck)
Wands
 q - a wand of disintegration (5)
Scrolls
 d - a scroll of immolation {unknown}
 g - 4 scrolls of teleportation
 j - a scroll of noise {unknown}
 k - 2 scrolls of identify
 m - a scroll of magic mapping {unknown}
 o - 2 scrolls of remove curse
Potions
 b - 2 potions of berserk rage {unknown}
 f - 5 potions of brilliance
 h - 2 potions of resistance {unknown}
 l - 3 potions of heal wounds
 p - 4 potions of agility
 r - a potion of flight {unknown}
 t - a potion of lignification {unknown}
 u - 2 potions of degeneration {unknown}
 w - a potion of mutation {unknown}
 x - a potion of curing {unknown}
Comestibles
 c - 10 rations
 v - 3 chunks of flesh


   Skills:
 + Level 0.2 Fighting
 - Level 2.4 Dodging
 - Level 2.4 Stealth
 - Level 3.0 Spellcasting
 * Level 10.4 Conjurations


You had 2 spell levels left.
You knew the following spells:

 Your Spells              Type           Power        Failure   Level  Hunger
a - Magic Dart            Conj           ####         1%          1    None
b - Searing Ray           Conj           #####.       1%          2    ##.....
c - Iskenderun's Mystic   Conj           #####...     1%          4    ####...
d - Dazzling Spray        Conj/Hex       ####..       4%          3    ###....

Your spell library contained the following spells:

 Spells                   Type           Power        Failure   Level  Hunger
 Force Lance              Conj/Tloc      ####....     14%         4    ####...
 Fulminant Prism          Conj/Hex       ####......   14%         4    ####...


Dungeon Overview and Level Annotations

Branches:
Dungeon (5/15)             Temple (1/1) D:4

Altars:
Ashenzari
Dithmenos
Elyvilon
Fedhas
Gozag
Kikubaaqudgha
Makhleb
Nemelex Xobeh
Okawaru
Qazlal
Ru
Sif Muna
Uskayaw
Vehumet
Wu Jian
Xom
Yredelemnul
Zin
The Shining One


Message History

There is an open door here.
Casting: Searing Ray (safe; 1% risk of failure)
Confirm with . or Enter, or press ? or * to list all spells.
Aiming: Searing Ray (safe; 1% risk of failure)
Press: ? - help, Shift-Dir - straight line, f - yak
Aim: a yak The searing ray hits the yak.
The yak is lightly wounded. (Press . to maintain the ray.)
The searing ray hits the yak.
The yak is moderately wounded.
The searing ray hits the yak.
The yak is moderately wounded.
The searing ray hits the yak.
The yak is severely wounded.
You finish channeling your searing ray.
The yak gores you! The yak gores you!
* * * LOW HITPOINT WARNING * * *
The yak gores you!
You die...

#......#
#..............#
#......#
#........###...#
#......### #....##.##
#.#.# ###......#
#....##.# #.#.#####
#......# #....##.#
#.###.... #......#
#######.# #.# #....
#......####### #.# #.#
#.... #......'...Y.# #.#
#.# #....
#......#####@###.####.#
#....
######.#...........##.#
#....
#.....#...........##.#
#....
###..(..#...........##.#
#....
#.'.[...#...........##.#
#....
#.#....######'###.####.#
#.... # #...Y#
##.###.####.# #....
+....' .............#
##### #...Y##
###########..##


You could see a yak.

Vanquished Creatures
  A phantom (D:5)
  2 ogres (D:5)
  A centaur (D:5)
  A bullfrog (D:5)
  A howler monkey (D:5)
  3 crimson imps (D:5)
  A hound (D:1)
  An orc wizard (D:3)
  Ijyb (D:3)
  2 worker ants
  2 river rats (D:3)
  5 adders (D:3)
  A shadow imp (D:5)
  4 worms
  2 dart slugs
  A leopard gecko (D:2)
  5 orcs
  8 giant cockroaches
  18 goblins
  4 hobgoblins
  12 jackals
  5 kobolds
  A quokka (D:5)
  4 ball pythons
  7 bats
  4 frilled lizards
  A leopard gecko skeleton (D:4)
  A quokka skeleton (D:5)
  8 rats
107 creatures vanquished.

Notes
Turn   | Place    | Note
-------+----------+-------------------------------------------
     0 | D:1      | bloo the Deep Elf Conjurer began the quest for the Orb.
     0 | D:1      | Reached XP level 1. HP: 10/10 MP: 6/6
   323 | D:1      | Reached XP level 2. HP: 11/15 MP: 0/8
   334 | D:1      | Reached skill level 5 in Conjurations
   736 | D:1      | Learned a level 2 spell: Searing Ray
  1110 | D:1      | Reached XP level 3. HP: 9/19 MP: 1/9
  1338 | D:2      | Found a hide-covered altar of Uskayaw.
  1340 | D:2      | Found a blossoming altar of Fedhas.
  1340 | D:2      | Found a sparkling altar of Nemelex Xobeh.
  1340 | D:2      | Found a deep blue altar of Sif Muna.
  1352 | D:2      | Found a shadowy altar of Dithmenos.
  1353 | D:2      | Found a glowing silver altar of Zin.
  1367 | D:2      | Reached skill level 6 in Conjurations
  1475 | D:2      | Found an ancient bone altar of Kikubaaqudgha.
  1648 | D:2      | Found a basalt altar of Yredelemnul.
  1781 | D:2      | Reached XP level 4. HP: 24/24 MP: 7/10
  1876 | D:2      | Learned a level 4 spell: Iskenderun's Mystic Blast
  2457 | D:3      | Noticed Ijyb
  2741 | D:3      | Killed Ijyb
  2801 | D:3      | Reached skill level 7 in Conjurations
  2801 | D:3      | Reached XP level 5. HP: 12/28 MP: 2/11
  3839 | D:4      | Found a white marble altar of Elyvilon.
  3992 | D:4      | Reached skill level 8 in Conjurations
  3992 | D:4      | Reached XP level 6. HP: 32/32 MP: 8/12
  4007 | D:4      | Learned a level 3 spell: Dazzling Spray
  4108 | D:4      | Found a staircase to the Ecumenical Temple.
  4137 | Temple   | Entered the Ecumenical Temple
  4203 | Temple   | Became a worshipper of Vehumet
  4779 | D:5      | Entered Level 5 of the Dungeon
  5217 | D:5      | Reached skill level 9 in Conjurations
  5436 | D:5      | Reached XP level 7. HP: 36/36 MP: 8/13
  5676 | D:5      | Reached skill level 10 in Conjurations
  5831 | D:5      | Noticed a yak
  5833 | D:5      | Noticed a yak
  5853 | D:5      | Slain by a yak

Skill      XL: |  1  2  3  4  5  6  7 |
---------------+----------------------+-----
Conjurations   | 5 6 7 8 9 10 | 10.4
Fighting       | |  0.2
Dodging        | |  2.4
Stealth        | |  2.4
Spellcasting   | |  3.0

Action                   |  1- 3 |  4- 6 |  7- 9 || total
-------------------------+-------+-------+-------++-------
Melee: Dagger            |     2 |       |       ||     2
 Cast: Magic Dart        |    47 |   121 |    21 ||   189
       Searing Ray       |     4 |    22 |     9 ||    35
  Use: Scroll            |       |     6 |       ||     6
  Eat: Chunk             |     3 |     9 |     1 ||    13
       Ration            |       |     1 |       ||     1
Armor: Robe              |     4 |     3 |       ||     7
Dodge: Dodged            |    12 |    32 |       ||    44
